 Dungeon Crawl Stone Soup version 0.22-a0-113-gdd6f4a9 (webtiles) character file.

29 McPants42 the Skirmisher (level 3, 0/33 HPs)
             Began as a Hill Orc Monk on Jan 29, 2018.
             Was a Believer of Cheibriados.
             Slain by an adder zombie (1 damage)
             ... on level 2 of the Dungeon.
             The game lasted 00:09:22 (1155 turns).

McPants42 the Skirmisher (Hill Orc Monk)            Turns: 1155, Time: 00:09:22

Health: 0/33       AC:  3    Str: 18    XL:     3   Next: 16%
Magic:  3/3        EV: 13    Int: 14    God:    Cheibriados [**....]
Gold:   80         SH:  0    Dex: 17    Spells: 2/2 levels left

rFire    . . .     SeeInvis .   a - +0 mace
rCold    . . .     Gourm    .   (no shield)
rNeg     . . .     Faith    .   d - +0 leather armour
rPois    .         Spirit   .   (no helmet)
rElec    .         Reflect  .   (no cloak)
rCorr    .         Harm     .   (no gloves)
MR       .....                  (no boots)
Stlth    ++........             (no amulet)
HPRegen  0.11/turn              (no ring)
MPRegen  0.08/turn              (no ring)

@: lethally poisoned (0 -> -2), very slow
A: no striking features
a: Bend Time, Renounce Religion


You were on level 2 of the Dungeon.
You worshipped Cheibriados.
Cheibriados was pleased with you.
You were hungry.

You visited 1 branch of the dungeon, and saw 2 of its levels.

You collected 80 gold pieces.

Inventory:

Hand Weapons
 a - a +0 mace (weapon)
 k - a +0 dagger
Missiles
 f - 16 poisoned needles
Armour
 b - a +0 robe
 d - a +0 leather armour (worn)
 g - a +0 robe
Jewellery
 h - an uncursed ring of fire {unknown}
Scrolls
 j - a scroll of remove curse
 m - a scroll of enchant weapon {unknown}
 n - a scroll of teleportation {unknown}
 p - 2 scrolls of identify {unknown}
Potions
 l - 2 potions of heal wounds
Comestibles
 c - 3 rations


   Skills:
 + Level 4.0 Fighting
 + Level 3.7 Maces & Flails
 + Level 0.5 Armour
 + Level 2.7 Dodging
 + Level 1.7 Stealth


You had 2 spell levels left.
You didn't know any spells.

Dungeon Overview and Level Annotations

Branches:
Dungeon (2/15)

Altars:
Cheibriados


Message History

The adder bites you.
The adder zombie bites you but does no damage.
The adder misses you.
The adder zombie bites you but does no damage.
The adder bites you but does no damage. The adder zombie misses you.
The adder closely misses you.
You feel sick. The adder zombie closely misses you.
The adder barely misses you. The adder zombie bites you.
* * * LOW HITPOINT WARNING * * *
The adder bites you.
* * * LOW HITPOINT WARNING * * *
The adder barely misses you. The adder zombie bites you.
* * * LOW HITPOINT WARNING * * *
The adder bites you but does no damage. The adder zombie closely misses you.
The adder bites you.
* * * LOW HITPOINT WARNING * * *
The adder zombie closely misses you. The adder closely misses you.
The adder zombie bites you.
You die...

#############......,,,≈≈≈≈≈**,,,,
..................,,,≈,≈≈≈≈*,,,,,
.#########....###*,,,,≈≈≈≈≈*,,,**
.# #......#**,,≈≈≈≈≈**,,,* .#
######......# ***,≈≈***,,,,*
.####.........##########*+**+****
....'......._..†#.......,,,,,,,,,
.####.........#SZ.......,,,,,,***
.# #.....)#####@.......,,,,,,* ##
#......# **#........****+****
#......# *,.......#.,,,,,,,,,
#......#**.##..####*****,****
########*..,,...,,,,,,,,,,,*
#.,,*#.##*******,*,* #.,,,,..*
*,*,* #,,,,,..#* *,*,* *,,,8,,,,*
*,*,*


You could see an adder and an adder zombie.

Vanquished Creatures
  A worm (D:2)
  2 leopard geckos
  4 bats
  2 giant cockroaches
  4 goblins
  4 kobolds (D:1)
  3 frilled lizards
  3 rats (D:1)
23 creatures vanquished.

Notes
Turn   | Place    | Note
-------+----------+-------------------------------------------
     0 | D:1      | McPants42 the Hill Orc Monk began the quest for the Orb.
     0 | D:1      | Reached XP level 1. HP: 19/19 MP: 1/1
   364 | D:1      | Reached XP level 2. HP: 25/27 MP: 2/2
   557 | D:1      | Reached skill level 4 in Fighting
  1041 | D:2      | Found a snail-covered altar of Cheibriados.
  1056 | D:2      | Reached XP level 3. HP: 12/33 MP: 3/3
  1068 | D:2      | Became a worshipper of Cheibriados the Contemplative
  1068 | D:2      | Reached * piety under Cheibriados
  1068 | D:2      | Reached ** piety under Cheibriados
  1110 | D:2      | HP: 1/33 [adder zombie (2)]
  1116 | D:2      | HP: 2/49 [goblin (1)]
  1121 | D:2      | HP: 2/49 [adder (1)]
  1154 | D:2      | HP: 1/33 [adder (3)]
  1155 | D:2      | Slain by an adder zombie

Vault maps used:
D:1:      lemuel_arrival_broad_hall
D:2:      cheibriados_altar_1, old_standard_altar, serial_undead,
          serial_undead_b, serial_undead_d, serial_undead_c, serial_undead_c,
          nicolae_underground_beach

Skill      XL: |  1  2 |
---------------+-------+-----
Fighting       | 4 |  4.0
Maces & Flails | |  3.7
Armour         | |  0.5
Dodging        | |  2.7
Stealth        | |  1.7

Action                   || total
-------------------------++-------
Melee: Mace              ||    95
  Use: Potion            ||     3
       Scroll            ||     2
 Stab: Sleeping          ||     2
Armor: Robe              ||    17
       Leather armour    ||    26
       Skin              ||    61
Dodge: Dodged            ||   129

Table legend:
 A = Spawn XP
 B = Non-spawn XP
 C = Spawn XP percentage of total XP
 D = Spawn monster count
 E = Non-spawn monster count
 F = Spawn count percentage of total count
 G = Total turns spent on level
                    A         B        C        D         E        F      G
               +---------+---------+-------+---------+---------+-------+---------
         Total |       0 |      42 |   0.0 |       0 |      23 |   0.0 |  1155
               +---------+---------+-------+---------+---------+-------+---------
           D:1 |       0 |      24 |   0.0 |       0 |      15 |   0.0 |   900
           D:2 |       0 |      18 |   0.0 |       0 |       8 |   0.0 |   255
               +---------+---------+-------+---------+---------+-------+---------
